 Dungeon Crawl Stone Soup version 0.32-a0-128-g77eb882913 (webtiles) character file.

Game seed: 4856099199779165261

4574 Ceno the Skirmisher (level 10, 0/76 HPs)
             Began as a Barachi Hexslinger on Feb 8, 2024.
             Was a Believer of Dithmenos.
             Shot with a sling bullet by Joseph (10 damage)
             ... on level 9 of the Dungeon.
             The game lasted 00:25:01 (8549 turns).

Ceno the Skirmisher (Barachi Hexslinger)            Turns: 8549, Time: 00:25:02

Health: 0/76       AC:  7    Str: 10    XL:     10   Next: 41%
Magic:  7/16       EV: 14    Int: 15    God:    Dithmenos [**....]
Gold:   428        SH:  5    Dex: 17    Spells: 1/17 levels left

rFire   . . .        r - +0 orcbow
rCold   + . .        (shield currently unavailable)
rNeg    . . .        H - +0 steam dragon scales
rPois   +            t - +0 helmet
rElec   .            B - +0 cloak
rCorr   .            (no gloves)
SInv    .            (no boots)
Will    .....        E - amulet of reflection
Stlth   ++++         A - ring of poison resistance
HPRegen 0.32/turn    F - ring of protection from cold
MPRegen 0.15/turn

%: reflection
@: marked, unable to hop, wreathed by umbra, slow
A: amphibious, slowness 1, strong legs 1, +LOS
a: Hop, Renounce Religion, Shadow Step


You were on level 9 of the Dungeon.
You worshipped Dithmenos.
Dithmenos was pleased with you.
You visited 2 branches of the dungeon, and saw 11 of its levels.

You collected 428 gold pieces.

Inventory:

Hand Weapons
 a - a +1 heavy sling
 p - a +2 sling of draining
 r - a +0 orcbow (weapon)
Missiles
 n - 30 poisoned darts
 y - 4 throwing nets
Armour
 c - a +0 robe
 t - a +0 helmet (worn)
 B - a +0 cloak (worn)
 H - +0 steam dragon scales (worn)
Jewellery
 A - a ring of poison resistance (left hand)
 E - an amulet of reflection (around neck)
 F - a ring of protection from cold (right hand)
Wands
 z - a wand of flame (26)
Scrolls
 b - 2 scrolls of poison
 d - a scroll of torment {unknown}
 g - 3 scrolls of enchant weapon
 i - 2 scrolls of immolation
 j - a scroll of brand weapon
 m - a scroll of summoning
 o - a scroll of fog {unknown}
 q - a scroll of enchant armour {unknown}
 v - a scroll of noise
 w - a scroll of revelation {unknown}
 x - 2 scrolls of blinking {unknown}
 C - a scroll of fear {unknown}
 D - a scroll of silence {unknown}
 G - 2 scrolls of identify
Potions
 e - a potion of haste {unknown}
 f - a potion of mutation
 h - a potion of ambrosia
 k - a potion of heal wounds
 l - 2 potions of enlightenment
 s - 2 potions of curing
 u - a potion of invisibility


   Skills:
 + Level 6.3 Fighting
 + Level 9.0 Ranged Weapons
 + Level 4.1 Dodging
 - Level 5.0 Stealth
 - Level 4.0 Spellcasting
 - Level 8.0 Hexes
 - Level 5.0 Translocations
 - Level 1.1 Fire Magic


You had one spell level left.
You knew the following spells:

 Your Spells              Type           Power      Damage    Failure   Level
a - Jinxbite              Hex            54%        N/A       1%          2
b - Sigil of Binding      Hex            27%        N/A       1%          3
c - Inner Flame           Hex/Fire       16%        N/A       9%          3
d - Cause Fear            Hex            13%        N/A       7%          4
e - Dimensional Bullseye  Hex/Tloc       11%        N/A       12%         4

Your spell library contained the following spells:

 Spells                   Type           Power      Damage    Failure   Level
 Summon Small Mammal      Summ           12%        N/A       19%         1
 Ensorcelled Hibernation  Hex/Ice        30%        N/A       5%          2
 Gell's Gravitas          Tloc           18%        N/A       7%          3
 Teleport Other           Tloc           18%        N/A       7%          3
 Manifold Assault         Tloc           18%        N/A       22%         4
 Anguish                  Hex/Necr       7%         N/A       34%         4
 Fugue of the Fallen      Necr           3%         N/A       47%         3
 Ozocubu's Armour         Ice            3%         N/A       47%         3
 Dispersal                Tloc           9%         N/A       98%         6
 Summon Hydra             Summ           1%         N/A       100%        7
 Disjunction              Tloc           9%         N/A       100%        8


Dungeon Overview and Level Annotations

Branches:
Dungeon (10/15)            Temple (1/1) D:7             Orc (0/2) D:9
   Lair: D:8-11

Altars:
Ashenzari
Cheibriados
Dithmenos
Elyvilon
Fedhas
Gozag
Hepliaklqana
Kikubaaqudgha
Makhleb
Nemelex Xobeh
Okawaru
Qazlal
Ru
Sif Muna
Trog
Uskayaw
Vehumet
Xom
Yredelemnul
Zin
The Shining One

Shops:
D:5 *[![*   D:6 :

Annotations:
D:7 1 runed translucent door
D:9 exclusion: downstairs, Harold, Joseph


Innate Abilities, Weirdness & Mutations

You are amphibious.
You cover ground slowly.
You can hop short distances.
You have an extended range of vision and can be seen from far away.


Message History

You shoot an arrow. The arrow hits Harold!
Harold is moderately wounded.
Harold points at you and mumbles some strange words.
You barely resist. You shoot an arrow. The arrow hits Harold!
Harold is heavily wounded.
Harold throws a throwing net.
The throwing net hits you.
You become entangled in the net!
You tear a large gash into the net.
Harold's lost momentum returns!
Harold gestures at you while chanting. A sentinel's mark forms upon you.
You struggle against the net.
Harold hits you from afar with a +0 glaive!!
You rip the net and break free!
Harold hits you from afar with a +0 glaive.
Harold attacks as he pursues you! Harold misses you.
Harold attacks as he pursues you! Harold barely misses you.
You block Harold's attack.
Casting: Sigil of Binding (safe; 1% risk of failure)
Confirm with . or Enter, or press ? or * to list all spells.
Your binding sigil disappears.
You inscribe a pair of binding sigils.
Harold gestures at you while chanting. The mark upon you grows brighter.
Harold fires a harpoon shot at you. The harpoon shot hits you!
You are yanked forward by the harpoon shot.
Hop to where?
Press: ? - help, Dir - move target, p - Harold Boing!
Harold fires a harpoon shot at you. The harpoon shot hits you!
You are yanked forward by the harpoon shot.
Joseph shoots a sling bullet.
The sling bullet hits you!
As you read the scroll of summoning, it crumbles to dust.
Wisps of shadow whirl around you... Harold barely misses you.
Harold hits you from afar with a +0 glaive!
* * * LOW HITPOINT WARNING * * *
Joseph shoots a sling bullet.
The sling bullet hits you!
You die...

##########
.........##
.........^##
...........##
.........@°.##
.........F.^.##
.........y.@..##
...............##
................##
.................##
..................##
..................##
...@..............##
...................##
............)......##


You could see Harold (swift, ally target), Joseph, a friendly hornet (summoned)
and a friendly bullfrog (summoned).

Vanquished Creatures
  Maggie (D:9)
  Psyche (D:8)
  A hornet (D:8)
  2 wyverns (D:9)
  4 yaks
  2 steam dragons
  2 water moccasins
  An ice beast (D:5)
  An orc warrior (D:9)
  A centaur (D:9)
  A wolf (D:9)
  An ogre (D:6)
  A phantom (D:6)
  2 kobold brigands
  A gnoll sergeant (D:9)
  4 bullfrogs
  4 killer bees (D:8)
  13 howler monkeys
  3 bombardier beetles
  3 hounds
  A jelly (D:6)
  4 orc priests
  A gnoll bouda (D:7)
  Jessica (D:2)
  3 iguanas
  5 orc wizards
  A sleepcap (D:6)
  10 gnolls
  4 adders
  2 shadow imps
  2 white imps
  A ribbon worm (D:3)
  5 dart slugs
  19 orcs
  7 ball pythons
  5 bats
  4 endoplasms
  4 giant cockroaches
  9 goblins
  3 hobgoblins
  5 jackals (D:1)
  26 kobolds
  3 quokkas
  4 frilled lizards
  4 rats
182 creatures vanquished.

Vanquished Creatures (others)
  A kobold brigand (D:8)
1 creature vanquished.

Grand Total: 183 creatures vanquished

Notes
Turn   | Place    | Note
-------+----------+-------------------------------------------
     0 | D:1      | Ceno the Barachi Hexslinger began the quest for the Orb.
     0 | D:1      | Reached XP level 1. HP: 15/15 MP: 2/2
   252 | D:1      | Reached XP level 2. HP: 21/21 MP: 3/3
   255 | D:1      | Learned a level 2 spell: Jinxbite
   415 | D:1      | Reached skill level 1 in Stealth
   577 | D:1      | Reached XP level 3. HP: 23/26 MP: 4/4
   670 | D:2      | Reached skill level 3 in Ranged Weapons
   811 | D:2      | Got the Excursus on Assembled Geometry
  1076 | D:2      | Noticed Jessica
  1079 | D:2      | Killed Jessica
  1080 | D:2      | Reached XP level 4. HP: 32/32 MP: 2/5
  1461 | D:2      | Learned a level 3 spell: Sigil of Binding
  1601 | D:3      | Found an iron altar of Okawaru.
  2007 | D:3      | Reached XP level 5. HP: 37/37 MP: 1/6
  2191 | D:4      | Reached skill level 4 in Ranged Weapons
  2469 | D:4      | Reached XP level 6. HP: 5/43 MP: 5/7
  2978 | D:5      | Entered Level 5 of the Dungeon
  2993 | D:5      | Reached skill level 5 in Ranged Weapons
  3062 | D:5      | Found Fifirrim's Assorted Antiques.
  3100 | D:5      | Found Hariur's Antique Armour Emporium.
  3100 | D:5      | Noticed an ice beast
  3162 | D:5      | Noticed a water moccasin
  3183 | D:5      | Killed a water moccasin
  3184 | D:5      | Reached skill level 5 in Hexes
  3184 | D:5      | Reached XP level 7. HP: 41/48 MP: 3/8
  3228 | D:5      | Found a stormy altar of Qazlal.
  3247 | D:5      | Found Hoefoc's Assorted Antiques.
  3415 | D:5      | Found Pegock's Antique Armour Emporium.
  3717 | D:5      | Found Hasiwia's Distillery.
  3962 | D:6      | Learned a level 3 spell: Inner Flame
  4036 | D:5      | Reached skill level 6 in Ranged Weapons
  4267 | D:6      | Reached XP level 8. HP: 54/54 MP: 7/10
  4473 | D:6      | Found a radiant altar of Vehumet.
  4939 | D:6      | Found Wuet's Book Emporium.
  5589 | D:7      | Found a staircase to the Ecumenical Temple.
  5595 | Temple   | Entered the Ecumenical Temple
  5633 | Temple   | Became a worshipper of Dithmenos the Shadowed
  5762 | D:7      | Reached skill level 5 in Stealth
  5775 | D:7      | Reached skill level 7 in Ranged Weapons
  6138 | D:6      | Reached XP level 9. HP: 59/59 MP: 3/14
  6363 | D:7      | Learned a level 4 spell: Cause Fear
  6368 | D:7      | Learned a level 4 spell: Dimensional Bullseye
  6410 | D:7      | Found a runed translucent door.
  6416 | D:7      | Found a basalt altar of Yredelemnul.
  6472 | D:7      | Reached skill level 1 in Translocations
  6623 | D:7      | Reached * piety under Dithmenos
  6746 | D:8      | Noticed a hornet
  6858 | D:8      | Found a flagged portal.
  6874 | D:8      | Killed a hornet
  7475 | D:8      | Reached skill level 8 in Ranged Weapons
  8012 | D:9      | Noticed Psyche
  8038 | D:8      | Killed Psyche
  8178 | D:9      | Noticed Maggie
  8188 | D:9      | Killed Maggie
  8189 | D:9      | Reached skill level 5 in Fighting
  8189 | D:9      | Reached XP level 10. HP: 69/74 MP: 10/16
  8203 | D:9      | Noticed Joseph
  8221 | D:8      | Reached ** piety under Dithmenos
  8222 | D:8      | Reached skill level 5 in Translocations
  8341 | D:9      | Found a staircase to the Orcish Mines.
  8433 | D:10     | Entered Level 10 of the Dungeon
  8461 | D:9      | Reached skill level 9 in Ranged Weapons
  8527 | D:9      | Noticed Harold
  8549 | D:9      | Shot with a sling bullet by Joseph

Illustrated notes

Levels and vault maps discovered:
D:1:      saegor_arrival_simple_e, layout_loops_cross
D:2:      layout_basic, hangedman_abyss_or_decor_stabs,
          kennysheep_decorative_pillar, uniq_jessica
D:3:      layout_loops_ring, nicolae_overflow_crystal_walls
D:4:      layout_basic, kennysheep_generic_room_3
D:5:      layout_basic, nicolae_qazlal_general_emergency, serial_shops, shop,
          shop, nicolae_shop_stone, nicolae_shop_behind_doors, shop
D:6:      layout_layer_cave, fiery_altar_vehumet, serial_shops, shop,
          minmay_misc_feat_x
D:7:      layout_gridville, dk_yredelemnul_ordeal,
          minmay_temple_entry_nine_rooms, chequers_arboretum
D:8:      layout_loops_corners, enter_bailey_2
D:9:      layout_big_octagon, nicolae_wu_jian_immortal_techniques,
          minmay_orc_entry_guard_dogs, uniq_joseph, uniq_harold, uniq_psyche,
          uniq_maggie
D:10:     layout_irregular_city, dpeg_oklobed_lair
Temple:   minmay_crystal_spiral_temple

Skill      XL: |  1  2  3  4  5  6  7  8  9 10 |
---------------+-------------------------------+-----
Stealth        | 1 2 3 4 5 |  5.0
Ranged Weapons | 3 4 5 6 7 8 9 |  9.0
Hexes          | 4 5 6 8 |  8.0
Spellcasting   | 3 4 |  4.0
Translocations | 4 5 |  5.0
Fighting       | 5 6 |  6.3
Dodging        | 4 |  4.1
Fire Magic     | |  1.1

Action                     |  1- 3 |  4- 6 |  7- 9 | 10-12 || total
---------------------------+-------+-------+-------+-------++-------
  Melee: Unarmed           |       |       |     8 |       ||     8
   Fire: Sling             |    92 |   143 |   293 |    53 ||   581
         Orcbow            |       |       |       |     5 ||     5
   Cast: Jinxbite          |     4 |     9 |    24 |     4 ||    41
         Inner Flame       |       |       |    24 |     4 ||    28
         Sigil of Binding  |       |       |    16 |     5 ||    21
         Dimensional Bulls |       |       |     1 |     1 ||     2
Ability: Hop               |     3 |     3 |    11 |     4 ||    21
    Use: Scroll            |     1 |       |    12 |     2 ||    15
         Potion            |       |       |     1 |       ||     1
 Armour: Robe              |    20 |    37 |    82 |       ||   139
         Steam dragon scal |       |       |     7 |    16 ||    23
         Skin              |       |       |     2 |       ||     2
  Dodge: Dodged            |    25 |    40 |   108 |    16 ||   189
  Block: Other             |       |       |    11 |    11 ||    22
         Reflection        |       |       |     3 |     1 ||     4

Table legend: (Time is in decaauts)
 A = Elapsed time spent in this place.
 B = Non-inter-level travel time spent in this place.
 C = Inter-level travel time spent in this place.
 D = Time resting spent in this place.
 E = Time spent auto-exploring this place.
 F = Levels seen in this place.
 G = Mean time per level.
                   A        B        C        D        E       F      G
               +--------+--------+--------+--------+--------+-----+--------+
         Total |   9739 |   9219 |    520 |   1044 |   6471 |  11 |  885.4 |
       Dungeon |   9647 |   9215 |    432 |   1044 |   6471 |  10 |  964.7 |
        Temple |     91 |      3 |     88 |      0 |      0 |   1 |   91.0 |
               +--------+--------+--------+--------+--------+-----+--------+

Top non-repeatable levels by time:
     D:8: 1832 daAuts
     D:6: 1562 daAuts
     D:5: 1302 daAuts
     D:7: 1212 daAuts
     D:2: 970 daAuts
     D:4: 914 daAuts
     D:3: 828 daAuts
     D:1: 751 daAuts
     D:9: 268 daAuts
  Temple: 91 daAuts
    D:10: 5 daAuts
